 Dungeon Crawl Stone Soup version 0.28.0-53-g5a82cb258f (webtiles) character file.

Game seed: 13514442451384247464

5077 cbfl8 the Cleaver (level 10, -1/135 HPs)
             Began as a Minotaur Berserker on Aug 30, 2022.
             Was an Elder of Trog.
             Slain by a two-headed ogre
             ... wielding a +0 giant club
              (17 damage)
             ... on level 9 of the Dungeon.
             The game lasted 00:07:37 (8860 turns).

cbfl8 the Cleaver (Minotaur Berserker)              Turns: 8860, Time: 00:07:37

Health: -1/135     AC: 15    Str: 29    XL:     10   Next: 31%
Magic:  9/9        EV: 11    Int:  4    God:    Trog [****..]
Gold:   266        SH:  0    Dex: 19    Spells: 9/9 levels left

rFire   . . .      SeeInvis .   y - +0 battleaxe
rCold   . . .      Faith    +   (shield currently unavailable)
rNeg    . . .      Spirit   .   j - +0 plate armour
rPois   .          Reflect  .   k - +0 hat
rElec   .          Harm     .   x - +0 cloak
rCorr   .          Rampage  .   (no gloves)
Will    .....                   f - +0 pair of boots
Stlth   ..........              l - amulet of faith
HPRegen 0.32/turn               n - +6 ring of strength
MPRegen 0.11/turn               D - +6 ring of dexterity

@: berserking, very quick
A: horns 2, retaliatory headbutt
a: Renounce Religion, Berserk, Trog's Hand, Brothers in Arms


You were on level 9 of the Dungeon.
You worshipped Trog.
Trog was greatly pleased with you.
You visited 1 branch of the dungeon, and saw 9 of its levels.

You collected 266 gold pieces.

Inventory:

Hand Weapons
 y - a +0 battleaxe (weapon)
Missiles
 a - a throwing net (quivered)
Armour
 f - a +0 pair of boots (worn)
 j - a +0 plate armour (worn)
 k - a +0 hat (worn)
 x - a +0 cloak (worn)
Jewellery
 l - an amulet of faith (around neck)
 n - a +6 ring of strength (left hand)
 z - a +4 ring of evasion
 D - a +6 ring of dexterity (right hand)
Wands
 p - a wand of polymorph (20)
 v - a wand of flame (27)
 A - a wand of iceblast (3)
Scrolls
 c - a scroll of summoning
 d - a scroll of silence
 e - 2 scrolls of teleportation
 g - a scroll of immolation
 o - 2 scrolls of brand weapon
 s - a scroll of fear {unknown}
 u - a scroll of holy word
 w - a scroll of noise {unknown}
 B - a scroll of fog {unknown}
 C - a scroll of enchant armour {unknown}
Potions
 b - a potion of berserk rage
 h - 2 potions of curing
 i - a potion of heal wounds
 m - 2 potions of flight
 q - a potion of haste {unknown}
 r - 2 potions of degeneration {unknown}
 t - a potion of lignification {unknown}


   Skills:
 * Level 8.7 Fighting
 * Level 12.7 Axes
 + Level 6.4 Armour
 * Level 6.3 Dodging
 + Level 0.9 Stealth
 * Level 4.6 Evocations


You had 9 spell levels left.
You didn't know any spells.
Your spell library was empty.

Dungeon Overview and Level Annotations

Branches:
Dungeon (9/15)             Temple (0/1) D:7
   Lair: D:8-11         Orc: D:9-12

Altars:
Gozag
Hepliaklqana
Nemelex Xobeh
Ru
Sif Muna
Trog
Uskayaw
Vehumet
Yredelemnul
The Shining One

Shops:
D:5 =


Innate Abilities, Weirdness & Mutations

You have a pair of horns on your head.
You reflexively headbutt those who attack you in melee.


Message History

There is a stone staircase leading down here.
You climb downwards.
There is a stone staircase leading up here.
A two-headed ogre comes into view. It is wielding two +0 giant clubs.
Found a potion of curing.
Found a stone staircase leading down.
The two-headed ogre shouts in stereo!
A two-headed ogre is nearby!
A two-headed ogre is nearby!
The two-headed ogre hits you with a +0 giant club!!
The two-headed ogre hits you with a +0 giant club!
A wight comes into view.
It is wielding a +4 short sword of freezing.
A red film seems to cover your vision as you go berserk!
You feel yourself moving faster!
You feel mighty!
The two-headed ogre hits you with a +0 giant club!
The two-headed ogre hits you with a +0 giant club!!
You barely miss the two-headed ogre. You slash the two-headed ogre!
The two-headed ogre is moderately wounded.
The two-headed ogre hits you with a +0 giant club!!
* * * LOW HITPOINT WARNING * * *
The two-headed ogre hits you with a +0 giant club.
* * * LOW HITPOINT WARNING * * *
You hit the two-headed ogre.
Your headbutt misses the two-headed ogre.
The two-headed ogre is moderately wounded.
You barely miss the two-headed ogre.
The two-headed ogre is moderately wounded.
The two-headed ogre barely misses you. x2
You slash the two-headed ogre!
The two-headed ogre is heavily wounded.
You barely miss the two-headed ogre. You headbutt the two-headed ogre!
The two-headed ogre is almost dead.
The two-headed ogre hits you with a +0 giant club!!
* * * LOW HITPOINT WARNING * * *
The two-headed ogre barely misses you.
You barely miss the two-headed ogre.
Your headbutt misses the two-headed ogre.
The two-headed ogre is almost dead.
The two-headed ogre hits you with a +0 giant club!
You die...

######
#####....#
#<.##...# .
#...#...#
..##..#...#+
...###....?###.
!...............
.........⌠......
........@....!..
....###zO...###.
>..# +#...#+ ###
#...# #...#
#.... #..###
#.##


You could see a two-headed ogre and a wight.

Vanquished Creatures
  A two-headed ogre (D:8)
  Grinder (D:3)
  3 yaks (D:5)
  A wraith (D:6)
  An acid dragon (D:8)
  3 orc warriors
  3 black bears
  2 necrophages
  3 sky beasts
  3 ogres
  A centaur (D:8)
  4 phantoms (D:5)
  A kobold brigand (D:8)
  Blork the orc (D:4)
  A bullfrog (D:7)
  2 scorpions
  A wyvern zombie (D:8)
  6 killer bees (D:8)
  3 howler monkeys
  5 wights (D:8)
  A bullfrog zombie (D:6)
  2 jellies
  A centaur skeleton (D:6)
  4 centaur zombies
  A bullfrog skeleton (D:4)
  4 hounds
  3 orc priests
  4 iguanas
  A gnoll shaman (D:4)
  6 orc wizards
  A killer bee zombie (D:8)
  5 gnolls (D:4)
  4 adders
  A shadow imp (D:6)
  4 white imps
  A worm (D:4)
  3 dart slugs
  27 orcs
  6 bats
  5 endoplasms
  4 giant cockroaches
  5 hobgoblins
  A jackal (D:4)
  7 kobolds
  2 quokkas
  13 ball pythons
  2 frilled lizards (D:1)
  10 goblins
  10 rats
184 creatures vanquished.

Vanquished Creatures (others)
  9 plants (D:4)
9 creatures vanquished.

Grand Total: 193 creatures vanquished

Notes
Turn   | Place    | Note
-------+----------+-------------------------------------------
     0 | D:1      | cbfl8 the Minotaur Berserker began the quest for the Orb.
     0 | D:1      | Reached XP level 1. HP: 19/19 MP: 0/0
   298 | D:1      | Reached XP level 2. HP: 25/27 MP: 1/1
   707 | D:1      | Reached skill level 4 in Axes
   868 | D:1      | Found a faded altar of an unknown god.
   996 | D:2      | Noticed a necrophage
  1003 | D:2      | Killed a necrophage
  1004 | D:2      | Reached XP level 3. HP: 34/34 MP: 2/2
  1004 | D:2      | Reached XP level 4. HP: 41/41 MP: 3/3
  1145 | D:2      | Reached skill level 1 in Evocations
  1471 | D:2      | Reached ** piety under Trog
  1576 | D:3      | Reached skill level 5 in Axes
  1576 | D:3      | Reached XP level 5. HP: 47/47 MP: 4/4
  1581 | D:3      | Reached skill level 5 in Fighting
  1630 | D:3      | Noticed a black bear
  1642 | D:3      | Killed a black bear
  1643 | D:3      | Reached XP level 6. HP: 56/56 MP: 5/5
  1671 | D:3      | Found a bloodstained altar of Trog.
  1745 | D:3      | Found a hide-covered altar of Uskayaw.
  1774 | D:3      | Found a basalt altar of Yredelemnul.
  1932 | D:3      | Noticed Grinder
  1946 | D:3      | Killed Grinder
  1947 | D:3      | Reached skill level 6 in Axes
  1947 | D:3      | Reached XP level 7. HP: 13/62 MP: 6/6
  2394 | D:3      | Found a sacrificial altar of Ru.
  2673 | D:3      | Found a glowing golden altar of the Shining One.
  2903 | D:4      | Found a shimmering blue altar of Sif Muna.
  2937 | D:4      | Noticed Blork the orc
  2950 | D:4      | Reached skill level 7 in Axes
  2952 | D:4      | Killed Blork the orc
  3488 | D:4      | Reached XP level 8. HP: 70/70 MP: 7/7
  3887 | D:4      | Reached skill level 8 in Axes
  4126 | D:5      | Entered Level 5 of the Dungeon
  4176 | D:5      | Reached skill level 9 in Axes
  4178 | D:5      | Reached skill level 5 in Dodging
  4237 | D:5      | Found Duikluh's Jewellery Boutique.
  4243 | D:5      | Reached *** piety under Trog
  4262 | D:5      | Reached skill level 5 in Armour
  4302 | D:5      | Reached skill level 10 in Axes
  4302 | D:5      | Reached XP level 9. HP: 66/79 MP: 8/8
  5363 | D:6      | Identified the +6 hunting sling of Awkwardness {vorpal,
                  | Str+4}
  5952 | D:6      | Reached skill level 11 in Axes
  6219 | D:7      | Found a hazy altar of Hepliaklqana.
  7050 | D:7      | Found a staircase to the Ecumenical Temple.
  7455 | D:8      | Reached **** piety under Trog
  7458 | D:8      | Reached skill level 12 in Axes
  7744 | D:8      | Found a radiant altar of Vehumet.
  7770 | D:8      | Noticed a two-headed ogre
  7779 | D:8      | Reached XP level 10. HP: 75/87 MP: 9/9
  7779 | D:8      | Killed a two-headed ogre
  8806 | D:8      | Found a sparkling altar of Nemelex Xobeh.
  8806 | D:8      | Found an opulent altar of Gozag.
  8849 | D:9      | Noticed a two-headed ogre
  8860 | D:9      | Slain by a two-headed ogre

Illustrated notes

Levels and vault maps discovered:
D:1:      minmay_arrival_checkered_box, layout_loops_ring,
          dreamdust_ecumenical_altar_hidden_monk_grotto, minmay_split_cup_small
D:2:      layout_basic, minmay_misc_feat_plants
D:3:      layout_rooms, mainiacjoe_overflow_alcove_2,
          mainiacjoe_overflow_six_doors_small, mainiacjoe_overflow_paths,
          marbit_many_paths, mainiacjoe_overflow_alcove_1, uniq_grinder
D:4:      layout_basic, kennysheep_little_box, serial_bayou,
          serial_bayou_pond_a, serial_bayou_shore_a, serial_bayou_pond_b,
          serial_bayou_pond_c, uniq_blork_the_orc
D:5:      layout_rooms, minmay_shop_enchanted_jewellery
D:6:      layout_basic
D:7:      layout_gridville, nzn_hepliaklqana_mist_gate,
          minmay_temple_entry_butterflies, supply_closet_lemuel
D:8:      layout_basic, grunt_temple_overflow_opulence, vehumet_altar_wand_db
D:9:      layout_roguey, lair_entry_dummy, serial_shops, shop_statue,
          grunt_ministairs_6, kennysheep_generic_room_14, uniq_grum

Skill      XL: |  1  2  3  4  5  6  7  8  9 |
---------------+----------------------------+-----
Fighting       | 4 5 6 7 8 |  8.7
Axes           | 4 5 6 7 10 12 | 12.7
Evocations     | 1 2 3 4 |  4.6
Dodging        | 3 4 5 6 |  6.3
Armour         | 3 4 5 6 |  6.4
Stealth        | |  0.9

Action                   |  1- 3 |  4- 6 |  7- 9 | 10-12 || total
-------------------------+-------+-------+-------+-------++-------
Melee: Hand axe          |    38 |    85 |    50 |       ||   173
       Headbutt          |     2 |    13 |    61 |     5 ||    81
       Punch             |       |     2 |     3 |       ||     5
       War axe           |       |       |   223 |       ||   223
       Battleaxe         |       |       |    27 |    50 ||    77
Invok: Berserk           |       |     3 |     5 |     1 ||     9
  Use: Scroll            |     1 |       |     9 |       ||    10
       Potion            |       |       |     1 |       ||     1
Armor: Animal skin       |     4 |       |       |       ||     4
       Ring mail         |     2 |    36 |     8 |       ||    46
       Plate armour      |       |       |   130 |    38 ||   168
       Chain mail        |       |       |    12 |       ||    12
Dodge: Dodged            |    26 |    39 |   134 |    26 ||   225
